 Dungeon Crawl Stone Soup version 0.21.1-1-g345015f (webtiles) character file.

46 shakethe the Shield-Bearer (level 3, 0/20 HPs)
             Began as a Vine Stalker Fighter on Feb 23, 2018.
             Succumbed to an adder's poison
             ... on level 2 of the Dungeon.
             The game lasted 00:01:21 (991 turns).

shakethe the Shield-Bearer (Vine Stalker Fighter)    Turns: 991, Time: 00:01:23

Health: 0/20       AC:  6    Str: 23    XL:     3   Next: 68%
Magic:  0/4        EV: 13    Int:  9    God:
Gold:   80         SH: 10    Dex: 18    Spells: 2/2 levels left

rFire    . . .     SeeInvis .   a - +0 rapier
rCold    . . .     Gourm    .   c - +0 shield
rNeg     . . .     Faith    .   b - +0 scale mail
rPois    .         Spirit   +   (no helmet)
rElec    .         Reflect  .   (no cloak)
rCorr    .         Harm     .   (no gloves)
MR       .....                  (no boots)
Stlth    +.........             (no amulet)
HPRegen  0.06/turn              (no ring)
MPRegen  0.09/turn              (no ring)

@: mighty, agile, lethally poisoned (0 -> -13)
A: fangs 2, magic shield, antimagic bite, no potion heal 3, rot immunity
a: no special abilities


You were on level 2 of the Dungeon.
You were not hungry.

You visited 1 branch of the dungeon, and saw 2 of its levels.

You collected 80 gold pieces.

Inventory:

Hand Weapons
 a - a +0 rapier (weapon)
Missiles
 l - 2 curare-tipped needles
Armour
 b - a +0 scale mail (worn)
 c - a +0 shield (worn)
Scrolls
 g - a scroll of remove curse {unknown}
 i - 3 scrolls of identify {unknown}
 n - a scroll of blinking {unknown}
Potions
 d - a potion of might
 e - a potion of brilliance {unknown}
 h - a potion of lignification {unknown}
 j - a potion of flight {unknown}
 k - 3 potions of heal wounds {unknown}
Comestibles
 f - 4 rations


   Skills:
 + Level 3.0 Fighting
 * Level 2.4 Short Blades
 + Level 2.7 Armour
 + Level 0.8 Dodging
 + Level 3.0 Shields


You had 2 spell levels left.
You didn't know any spells.

Dungeon Overview and Level Annotations

Branches:
Dungeon (2/15)

Altars:


Innate Abilities, Weirdness & Mutations

You have extremely sharp teeth.
When hurt, damage is shared between your health and your magic reserves.
Your bite disrupts and absorbs the magic of your enemies.
Potions cannot restore your health.
You are immune to rotting.


Message History

Your bite misses the leopard gecko. The bat hits you but does no damage.
The goblin hits you with a club. The leopard gecko bites you.
You block the jackal's attack.
The leopard gecko bites you but does no damage.
You block the goblin's attack.
You hit the leopard gecko.
You kill the leopard gecko!
You block the bat's attack. The jackal completely misses you.
The jackal bites you but does no damage.
You block the goblin's attack. The jackal barely misses you.
You puncture the jackal!
You kill the jackal!
The bat hits you but does no damage. x2; The goblin hits you with a club.
A hobgoblin comes into view. It is wielding a club.
You miss the bat. The bat hits you.
The jackal bites you but does no damage.
You block the bat's attack. The jackal bites you.
The goblin hits you but does no damage.
You are too injured to fight recklessly!
There are monsters nearby!
You take 8 damage, and have 10/19 hp.
MASSIVE DAMAGE!!
You now have 2/4 mp.
The jackal closely misses you. The bat barely misses you.
You block the bat's attack. You block the jackal's attack.
The bat barely misses you.
The jackal bites you but does no damage.
You block the bat's attack. You block the jackal's attack.
You hit the jackal. The bat hits you but does no damage. x2
The jackal barely misses you.
You hit the jackal.
You kill the jackal!
The bat hits you but does no damage.
You closely miss the jackal. The jackal closely misses you.
The jackal bites you but does no damage.
You barely miss the jackal. Your bite misses the jackal.
The jackal barely misses you.
The jackal bites you but does no damage. x2
The jackal bites you.
You take 1 damage, and have 9/19 hp.
You closely miss the jackal. You bite the jackal. You drain its power.
You feel invigorated. You block the jackal's attack.
The jackal bites you but does no damage. x2
MP restored: 4 You completely miss the jackal.
The jackal bites you but does no damage.
The jackal closely misses you.
The jackal bites you but does no damage.
You hit the jackal but do no damage. You block the jackal's attack. x2
The jackal barely misses you. The jackal closely misses you.
You hit the jackal.
You kill the jackal!
You block the bat's attack. x2; The jackal bites you.
You take 2 damage, and have 7/19 hp.
You puncture the bat!
You kill the bat!
You block the jackal's attack. The jackal closely misses you.
The jackal bites you.
Things that are here:
a bat corpse; a jackal corpse x2
You take 1 damage, and have 6/19 hp.
The jackal completely misses you.
You hit the jackal. The jackal barely misses you.
You hit the jackal.
You kill the jackal!
Your Fighting skill increases to level 3!
Your Shields skill increases to level 3!
You block the adder's attack.
Your shield prevents you from hitting the adder.
The adder bites you.
* * * LOW HITPOINT WARNING * * *
You are lethally poisoned!
The adder poisons you!
You take 1 damage, and have 5/20 hp.
You now have 3/4 mp.
You hit the adder.
* * * LOW HITPOINT WARNING * * *
You feel sick. The adder bites you but does no damage.
The adder barely misses you.
You take 1 damage, and have 4/20 hp.
You barely miss the adder.
* * * LOW HITPOINT WARNING * * *
You feel sick. The adder bites you but does no damage.
You take 1 damage, and have 3/20 hp.
You miss the adder. You block the adder's attack. The adder barely misses you.
Your shield and scale mail prevent you from hitting the adder.
You block the adder's attack.
You feel very mighty all of a sudden.
* * * LOW HITPOINT WARNING * * *
You feel sick. The adder bites you.
You are more poisoned.
The adder poisons you!
You take 1 damage, and have 2/20 hp.
You now have 2/4 mp.
You barely miss the adder. Your bite misses the adder. The adder bites you.
* * * LOW HITPOINT WARNING * * *
You are more poisoned.
The adder poisons you! You block the adder's attack.
You take 1 damage, and have 1/20 hp.
You now have 0/4 mp.
It was a potion of agility.
You feel agile all of a sudden.
You die...

....... .......##+###
............#
#..........# #.!........#
#..........# #..........#
##########g#### #gS@.#
####.# #.#### #(...#
####.#
####################.####
........................#
####################.##.#
.................# #.# #


You could see an adder, a hobgoblin and a goblin.

Vanquished Creatures
  An ooze (D:1)
  A leopard gecko (D:2)
  2 bats
  2 giant cockroaches (D:1)
  9 goblins
  6 hobgoblins (D:1)
  4 jackals (D:2)
  7 kobolds (D:1)
  3 frilled lizards (D:1)
  2 rats (D:1)
37 creatures vanquished.

Notes
Turn   | Place    | Note
-------+----------+-------------------------------------------
     0 | D:1      | shakethe the Vine Stalker Fighter began the quest for the Orb.
     0 | D:1      | Reached XP level 1. HP: 11/11 MP: 2/2
    69 | D:1      | Reached XP level 2. HP: 11/16 MP: 3/3
    96 | D:1      | Reached skill level 2 in Short Blades
   332 | D:1      | Reached XP level 3. HP: 16/19 MP: 2/4
   983 | D:2      | Reached skill level 3 in Fighting
   983 | D:2      | Reached skill level 3 in Shields
   984 | D:2      | HP: 5/20 [adder (2)]
   989 | D:2      | HP: 2/20 [poisoned by an adder]
   991 | D:2      | Succumbed to an adder's poison

Skill      XL: |  1  2  3 |
---------------+----------+-----
Short Blades   | 2 |  2.4
Fighting       | 3 |  3.0
Shields        | 3 |  3.0
Armour         | |  2.7
Dodging        | |  0.8

Action                   || total
-------------------------++-------
Melee: Rapier            ||    99
       Bite              ||    19
  Use: Potion            ||     2
Armor: Scale mail        ||    58
Dodge: Dodged            ||    43
Block: Shield            ||    60

Vault maps used:
D:1:      lightli_arrival_quake
D:2:      uniq_sigmund

Table legend:
 A = Turns spent in this place as a percentage of turns spent in the entire game.
 B = Non-inter-level travel turns spent in this place as a percentage of non-inter-level travel turns spent in the entire game.
 C = Inter-level travel turns spent in this place as a percentage of turns spent in this place.
 D = Turns resting spent in this place as a percentage of non-inter-level travel turns spent in this place.
 E = Turns spent auto-exploring this place as a percentage of non-inter-level travel turns spent in this place.
 F = Non-inter-level travel turns spent in this place divided by the number of levels of this place that you've seen.
                   A       B       C       D       E      F
               +-------+-------+-------+-------+-------+----------------------
         Total | 100.0 | 100.0 |   1.8 |   0.0 |  77.0 | 486.5
       Dungeon | 100.0 | 100.0 |   1.8 |   0.0 |  77.0 | 486.5
               +-------+-------+-------+-------+-------+----------------------

Table legend:
 A = Kills in this place as a percentage of kills in entire the game.
 B = Kills by you in this place as a percentage of kills by you in the entire game.
 C = Kills by friends in this place as a percentage of kills by friends in the entire game.
 D = Other kills in this place as a percentage of other kills in the entire game.
 E = Experience gained in this place as a percentage of experience gained in the entire game.
 F = Experience gained in this place divided by the number of levels of this place that you have seen.
                   A       B       C       D       E      F
               +-------+-------+-------+-------+-------+----------------------
         Total | 100.0 | 100.0 |   N/A |   N/A | 100.0 |  33.5
       Dungeon | 100.0 | 100.0 |   N/A |   N/A | 100.0 |  33.5
               +-------+-------+-------+-------+-------+----------------------
